 Dungeon Crawl Stone Soup version 0.19-a0-1049-g462a813 (webtiles) character file.

1414 Kidiri the Magician (level 8, 0/44 HPs)
             Began as a Deep Elf Fire Elementalist on June 12, 2016.
             Slain by a worker ant (5 damage)
             ... on level 6 of the Dungeon on July 31, 2016.
             The game lasted 00:25:20 (6754 turns).

Kidiri the Magician (Deep Elf Fire Elementalist)    Turns: 6754, Time: 00:25:21

Health: 0/44       AC:  4    Str:  5    XL:     8   Next: 43%
Magic:  10/20      EV: 13    Int: 26    God:
Gold:   225        SH:  0    Dex: 15    Spells: 6 memorised, 2 levels left

rFire  . . .     SeeInvis +     y - +0 rapier
rCold  . . .     Gourm    .     h - +0 leather armour
rNeg   . . .     Faith    .     (no shield)
rPois  .         Spirit   .     (no helmet)
rElec  .         Dismiss  .     (no cloak)
rCorr  .         Reflect  .     l - +0 pair of gloves
SustAt .         Harm     .     (no boots)
MR     .....                    (no amulet)
Stlth  ++........               z - +3 ring of intelligence
                                k - ring of see invisible

@: lethally poisoned (0 -> -1), not resistant to hostile enchantments,
unstealthy
A: no striking features
a: no special abilities


You were on level 6 of the Dungeon.
You were hungry.

You visited 2 branches of the dungeon, and saw 7 of its levels.
You also visited: Sewer.

You collected 225 gold pieces.

Inventory:

Hand Weapons
 e - a +1 short sword
 y - a +0 rapier (weapon)
Armour
 h - a +0 leather armour (worn)
 l - a +0 pair of gloves (worn)
 r - a +0 shield
Jewellery
 f - an uncursed ring of flight
 k - a ring of see invisible (left hand)
 m - an uncursed ring of poison resistance
 z - a +3 ring of intelligence (right hand)
Wands
 a - a wand of random effects (24/48)
 o - a wand of confusion (8/48)
 w - a wand of slowing (26/48)
 A - a wand of polymorph (0/24)
Scrolls
 q - a scroll of remove curse
Potions
 g - 2 potions of lignification
 i - 2 potions of resistance
 j - a potion of cure mutation
 n - 2 potions of agility
 t - a potion of magic {unknown}
 v - a potion of beneficial mutation {unknown}
 x - a potion of mutation {unknown}
Books
 b - a book of Flames

   Spells                             Type                      Level
   a - Flame Tongue                   Conjuration/Fire             1
   b - Throw Flame                    Conjuration/Fire             2
   c - Conjure Flame                  Conjuration/Fire             3
   d - Inner Flame                    Hexes/Fire                   3
   e - Sticky Flame                   Conjuration/Fire             4
   f - Fireball                       Conjuration/Fire             5
 C - a book of the Dragon

   Spells                             Type                      Level
   a - Flame Tongue                   Conjuration/Fire             1
   b - Cause Fear                     Hexes                        4
   c - Bolt of Fire                   Conjuration/Fire             6
   d - Dragon Form                    Transmutation                7
   e - Dragon's Call                  Summoning                    9
Comestibles
 c - 3 bread rations
 d - a meat ration
 p - 2 beef jerkies
 u - 9 chunks of flesh
 B - 4 fruits


   Skills:
 + Level 1.7 Fighting
 + Level 2.4 Short Blades
 + Level 1.5 Armour
 + Level 3.7 Dodging
 - Level 2.4 Stealth
 + Level 1.4 Shields
 * Level 6.9 Spellcasting
 * Level 5.7 Conjurations
 * Level 6.7 Fire Magic


You had 2 spell levels left.
You knew the following spells:

 Your Spells              Type           Power        Failure   Level  Hunger
a - Flame Tongue          Conj/Fire      #####        1%          1    None
b - Throw Flame           Conj/Fire      #####.       1%          2    None
c - Conjure Flame         Conj/Fire      #####...     2%          3    None
d - Inner Flame           Hex/Fire       ####....     10%         3    None
e - Sticky Flame          Conj/Fire      #####...     12%         4    ###....
f - Fireball              Conj/Fire      #####.....   28%         5    #####..


Dungeon Overview and Level Annotations

Branches:
Dungeon (6/15)             Temple (1/1) D:4

Altars:
Ashenzari
Dithmenos
Elyvilon
Fedhas
Gozag
Hepliaklqana
Kikubaaqudgha
Okawaru
Ru
Sif Muna
Trog
Uskayaw
Xom
Yredelemnul
Zin

Annotations:
D:6 Sigmund


Message History

Sigmund is no longer moving quickly.
The crimson imp blinks!
The worker ant completely misses you. The worker ant bites you.
There is an open door here.
The worker ant bites you.
You are poisoned.
The worker ant poisons you!
There is an open door here.
You feel sick.
You feel sick. The worker ant closely misses you.
You feel sick.
You feel sick. The worker ant closely misses you.
You feel sick. The worker ant bites you.
* * * LOW HITPOINT WARNING * * *
It was a potion of cancellation.
You feel magically purged. The worker ant bites you.
You die...

#.## #.O# ##.# #.##
##.# #@# #.##
##a### #@#.###
#.....## ##.....###
# #.......## ###
#........## ##.ยง
##.........# #..#
#..........###..#.
#.#...........<.##.
###....#####..####.


You could see Sigmund, an ogre and a worker ant.

Vanquished Creatures
  Grinder (D:5)
  The ghost of Shenda the Slasher, an amateur DsGl (Sewer)
  The ghost of Gagarin the Firebug, an amateur DrFE (D:3)
  Menkaure (D:5)
  An ogre (D:4)
  Blork the orc (D:5)
  A giant frog (D:4)
  2 scorpions (D:5)
  A crimson imp (D:5)
  An orc priest (D:6)
  3 hounds
  2 iguanas
  A hound skeleton (D:6)
  A howler monkey zombie (D:5)
  9 adders
  A white imp (D:5)
  An ooze (D:3)
  An adder skeleton (D:5)
  2 worms
  3 dart slugs
  7 giant geckos
  9 orcs
  16 giant cockroaches
  11 hobgoblins
  8 jackals
  2 quokkas
  4 ball pythons
  9 bats
  10 giant newts
  7 goblins
  6 kobolds
  6 rats
  A spectral orc (D:5)
131 creatures vanquished.

Notes
Turn   | Place    | Note
-------+----------+-------------------------------------------
     0 | D:1      | Kidiri the Deep Elf Fire Elementalist began the quest for the Orb.
     0 | D:1      | Reached XP level 1. HP: 10/10 MP: 6/6
    91 | D:1      | Upgraded the game from 0.19-a0-607-g42021f0 to 0.19-a0-659-g8260ecf
    91 | D:1      | Upgraded the game from 0.19-a0-659-g8260ecf to 0.19-a0-1049-g462a813
   329 | D:1      | Reached XP level 2. HP: 15/15 MP: 6/8
   337 | D:1      | Learned a level 2 spell: Throw Flame
   849 | D:1      | Reached XP level 3. HP: 19/19 MP: 6/10
   854 | D:1      | Learned a level 3 spell: Conjure Flame
   858 | D:1      | Learned a level 3 spell: Inner Flame
  1036 | D:2      | Found a shimmering altar of Xom.
  1999 | D:3      | Reached XP level 4. HP: 24/24 MP: 8/11
  2011 | D:3      | Found a glowing drain.
  2055 | D:3      | Noticed Gagarin's ghost (amateur DrFE)
  2129 | Sewer    | Entered a sewer
  2569 | Sewer    | Noticed Shenda's ghost (amateur DsGl)
  2576 | Sewer    | Killed Shenda's ghost
  2576 | Sewer    | Reached skill level 5 in Spellcasting
  2576 | Sewer    | Reached skill level 5 in Fire Magic
  2576 | Sewer    | Reached XP level 5. HP: 28/28 MP: 7/14
  2576 | Sewer    | Reached XP level 6. HP: 32/32 MP: 7/15
  2653 | Sewer    | Learned a level 4 spell: Sticky Flame
  3209 | D:3      | Killed Gagarin's ghost
  3532 | D:3      | Found a shattered altar of Ashenzari.
  3746 | D:3      | Found an opulent altar of Gozag.
  4181 | D:4      | Reached skill level 1 in Short Blades
  4414 | D:4      | Reached XP level 7. HP: 37/37 MP: 13/17
  4623 | D:4      | Reached skill level 1 in Fighting
  4715 | D:4      | Found a staircase to the Ecumenical Temple.
  4736 | Temple   | Entered the Ecumenical Temple
  5012 | D:4      | Found a hide-covered altar of Uskayaw.
  5277 | D:4      | Learned a level 5 spell: Fireball
  5658 | D:5      | Entered Level 5 of the Dungeon
  5691 | D:5      | Found an iron altar of Okawaru.
  5728 | D:5      | Noticed Blork the orc
  5736 | D:5      | Killed Blork the orc
  5736 | D:5      | Reached skill level 1 in Armour
  5770 | D:5      | Noticed Menkaure
  5776 | D:5      | Killed Menkaure
  5776 | D:5      | Reached skill level 1 in Shields
  5786 | D:5      | Noticed Grinder
  5815 | D:5      | Killed Grinder
  5815 | D:5      | Reached skill level 5 in Conjurations
  5815 | D:5      | Reached XP level 8. HP: 28/43 MP: 9/19
  6093 | D:5      | Found a blossoming altar of Fedhas.
  6298 | D:5      | Found a basalt altar of Yredelemnul.
  6501 | D:6      | Found a hazy altar of Hepliaklqana.
  6664 | D:6      | Noticed Sigmund
  6754 | D:6      | Slain by a worker ant

Vault maps used:
D:1:      elethiomel_arrival_maze
D:2:      nicolae_overflow_hidden_temple, first_bread
D:3:      grunt_gozag_statues, cheibrodos_ashenzari_chains,
          gup_sewer_entry_glass
D:4:      kennysheep_little_box, serial_bayou_pond_b
D:5:      fedhas_altar_2, lemuel_crystal_altar,
          yredelemnul_forgotten_temple_becter, uniq_blork_the_orc, uniq_grinder,
          uniq_menkaure
D:6:      slow_altar_2, lemuel_crystal_altar, kennysheep_mini, serial_shops,
          nicolae_shop_window_shopping, uniq_sigmund
Temple:   temple_island_7
Sewer:    sewer_frog_island_01

Skill      XL: |  1  2  3  4  5  6  7  8 |
---------------+-------------------------+-----
Fire Magic     | 4 5 6 |  6.7
Conjurations   | 2 3 4 5 |  5.7
Spellcasting   | 5 6 |  6.9
Short Blades   | 1 2 |  2.4
Fighting       | 1 |  1.7
Dodging        | 3 |  3.7
Armour         | 1 |  1.5
Shields        | 1 |  1.4
Stealth        | |  2.4

Action                   |  1- 3 |  4- 6 |  7- 9 || total
-------------------------+-------+-------+-------++-------
Melee: Short sword       |    13 |    29 |    11 ||    53
       Rapier            |       |       |    15 ||    15
 Cast: Flame Tongue      |    47 |    44 |    64 ||   155
       Throw Flame       |    21 |    26 |    18 ||    65
       Conjure Flame     |     1 |       |     3 ||     4
       Inner Flame       |     1 |       |     1 ||     2
       Sticky Flame      |       |     1 |     5 ||     6
Evoke: Wand              |       |       |    10 ||    10
  Use: Scroll            |       |    10 |     1 ||    11
       Potion            |       |     3 |     1 ||     4
 Stab: Sleeping          |       |       |     3 ||     3
       Confused          |       |       |     1 ||     1
  Eat: Chunk             |     4 |     3 |     5 ||    12
       Fruit             |       |     2 |     3 ||     5
       Pizza             |       |     1 |       ||     1
       Beef jerky        |       |     1 |       ||     1
Armor: Robe              |     3 |       |       ||     3
       Leather armour    |     6 |    20 |    20 ||    46
Dodge: Dodged            |    30 |    31 |    37 ||    98
